cohdb
Replays
Latest Replays
All Replays
Popular Replays
Top Player Replays
Match Explorer
How It Works
Community
CoH3 Stats
Reddit
Sign in to upload your games and track your stats! →
Sign in with Steam
unexpected outcome
Match 31807917
Overview
Messages
Build Orders
End
Panzergrenadier Squad
250 Light Carrier
Panzergrenadier Squad
Construct Light Support Kompanie
Combat Half-tracks
Panzergrenadier Squad
Selects Italian Infantry
Construct Mechanized Kompanie
Selects Guastatori Squad
Marder III Tank Destroyer
Selects L6/40 Light Tank Combat Group
2.5-tonne Medical Truck
Veteran Squad Leaders
Guastatori Squad
Marder III Tank Destroyer
toby8888
FLOKL
Jesulin
Havoc
0
0
Comments
sign in to comment!
No comments posted yet!